 Dungeon Crawl Stone Soup version 0.31-a0-1074-g0b22e4e0f1 (webtiles) character file.

Game seed: 14745149158852475347

407 Anonymone the Conjurer (level 6, -2/41 HPs)
             Began as a Demonspawn Venom Mage on Dec 8, 2023.
             Slain by Grinder (6 damage)
             ... on level 4 of the Dungeon.
             The game lasted 00:15:14 (5205 turns).

Anonymone the Conjurer (Demonspawn Venom Mage)      Turns: 5205, Time: 00:15:15

Health: -2/41      AC:  5    Str:  8    XL:     6   Next: 57%
Magic:  9/10       EV: 12    Int: 18    God:
Gold:   746        SH:  0    Dex: 14    Spells: 4/10 levels left

rFire   + . .        i - +4 dagger (drain)
rCold   . . .        (no shield)
rNeg    . . .        a - +0 robe
rPois   .            (no helmet)
rElec   .            m - +0 cloak
rCorr   .            (no gloves)
SInv    .            p - +1 pair of boots
Will    .....        (no amulet)
Stlth   ++           f - ring of protection from fire
HPRegen 0.26/turn    (no ring)
MPRegen 0.24/turn

%: no passive effects
@: weak-willed
A: hooves 1, powered by death 2, magic regeneration
a: no special abilities


You were on level 4 of the Dungeon.
You visited 1 branch of the dungeon, and saw 5 of its levels.

You collected 746 gold pieces.

Inventory:

Hand Weapons
 e - a +0 mace
 g - a +4 flail
 i - a +4 dagger of draining (weapon)
 k - a +2 whip of draining
 l - a +4 dagger
 s - a +0 long sword of venom
 v - a +2 heavy hand axe
Armour
 a - a +0 robe (worn)
 m - a +0 cloak (worn)
 p - a +1 pair of boots (worn)
Jewellery
 f - a ring of protection from fire (left hand)
Scrolls
 c - 5 scrolls of identify
Potions
 b - 2 potions of magic


   Skills:
 - Level 2.1 Dodging
 - Level 2.0 Stealth
 - Level 2.7 Spellcasting
 * Level 4.6 Conjurations
 - Level 1.0 Transmutations
 + Level 2.8 Air Magic
 - Level 3.6 Poison Magic


You had 4 spell levels left.
You knew the following spells:

 Your Spells              Type           Power      Damage    Failure   Level
a - Sting                 Tmut/Pois      40%        1d5       6%          1
b - Poisonous Vapours     Pois/Air       28%        N/A       7%          2
c - Mephitic Cloud        Conj/Pois/Air  15%        N/A       11%         3

Your spell library contained the following spells:

 Spells                   Type           Power      Damage    Failure   Level
 Olgreb's Toxic Radiance  Pois           15%        N/A       36%         4
 Call Canine Familiar     Summ           2%         N/A       45%         3
 Sigil of Binding         Hex            2%         N/A       45%         3
 Dimensional Bullseye     Hex/Tloc       1%         N/A       86%         4
 Leda's Liquefaction      Hex/Erth       1%         N/A       86%         4


Dungeon Overview and Level Annotations

Branches:
Dungeon (5/15)
 Temple: D:4-7

Altars:
Wu Jian

Annotations:
D:4 Grinder
D:5 1 runed translucent door, croobank's ghost, novice OpSh


Innate Abilities, Weirdness & Mutations

You have large cloven feet.
You regenerate health from kills.
You regenerate magic rapidly.


Message History

You hit Grinder.
Grinder is lightly wounded.
Grinder hits you!
You writhe in agony.
You hit Grinder.
Grinder is lightly wounded.
Grinder gestures at you. Pain shoots through your body!
You are too injured to fight recklessly!
Unknown command.
Okay, then.
As you read the scroll labelled EVASESM VABIM, it crumbles to dust.
Wisps of shadow whirl around you...
It was a scroll of summoning.
Grinder hits you but does no damage. Grinder attacks as she pursues you!
Grinder hits you.
You writhe in agony.
Your goblin misses Grinder.
Your goblin hits Grinder but does no damage.
As you read the scroll labelled IXISUI MUDUT, it crumbles to dust.
Magic quickly surges around you.
It was a scroll of vulnerability.
Grinder hits you but does no damage.
Your goblin closely misses Grinder.
Your goblin barely misses Grinder.
Grinder attacks as she pursues you! Grinder hits you.
* * * LOW HITPOINT WARNING * * *
You writhe in agony.
* * * LOW HITPOINT WARNING * * *
Your goblin hits Grinder with a +0 dagger.
Unknown command.
Okay, then.
Okay, then.
Casting: Mephitic Cloud (dangerous; 11% risk of failure)
Confirm with . or Enter, or press ? or * to list all spells.
Aiming: Sting (safe; 6% risk of failure)
Press: ? - help, Shift-Dir - straight line, f - Grinder
Aim: Grinder (lightly wounded, weak-willed, ally target, 68% to hit)
The sting hits Grinder.
Grinder partially resists.
Grinder is lightly wounded.
Grinder hits you.
* * * LOW HITPOINT WARNING * * *
You writhe in agony.
You die...
Grinder says, "Now the real fun starts!"

#######...###.##....#
########.
...))........>#.....#
##
#########.......#####
# ...)..........##.#
# #######.......#..##
.......)..##.....=#
##.......##.......#
#.#########.....## #
#....@### #.....5g##
#...###g.#
...........#
..#.#.#.#..#
#..........#
..#.#.#.#..#
#..........#
#.#.#.#..#


You could see Grinder (weak-willed, ally target) and 2 friendly goblins.

Vanquished Creatures
  A black bear (D:5)
  An orc priest (D:4)
  An iguana (D:5)
  A sleepcap (D:4)
  2 orc wizards (D:4)
  4 gnolls (D:4)
  3 adders
  2 worms
  4 dart slugs
  7 orcs
  6 endoplasms
  3 giant cockroaches
  9 goblins
  11 hobgoblins
  18 kobolds
  6 quokkas
  8 ball pythons
  4 bats
  4 frilled lizards
  8 rats
103 creatures vanquished.

Notes
Turn   | Place    | Note
-------+----------+-------------------------------------------
     0 | D:1      | Anonymone the Demonspawn Venom Mage began the quest for the
                  | Orb.
     0 | D:1      | Reached XP level 1. HP: 13/13 MP: 3/3
    19 | D:1      | Reached skill level 1 in Transmutations
   219 | D:1      | Gained mutation: You regenerate a little health from kills.
                  | [demonic ancestry]
   219 | D:1      | Reached XP level 2. HP: 19/19 MP: 0/5
   222 | D:1      | Learned a level 2 spell: Poisonous Vapours
   796 | D:1      | Gained mutation: You have large cloven feet. [demonic
                  | ancestry]
   796 | D:1      | Reached XP level 3. HP: 24/24 MP: 2/6
  1348 | D:2      | Learned a level 3 spell: Mephitic Cloud
  1686 | D:2      | Reached skill level 1 in Conjurations
  1931 | D:2      | Gained mutation: You regenerate health from kills. [demonic
                  | ancestry]
  1931 | D:2      | Reached XP level 4. HP: 30/30 MP: 5/8
  2801 | D:3      | Reached skill level 1 in Air Magic
  3204 | D:4      | Noticed Grinder
  3352 | D:3      | Found a faded altar of an unknown god.
  3514 | D:3      | Reached skill level 2 in Conjurations
  3596 | D:3      | Found an ornate altar of the Wu Jian Council.
  3851 | D:4      | Identified a scroll of acquirement
  3851 | D:4      | Acquired 639 gold pieces
  3978 | D:5      | Entered Level 5 of the Dungeon
  3978 | D:5      | Noticed croobank's ghost (novice OpSh)
  3978 | D:5      | Noticed a phantom
  3978 | D:5      | Found a runed translucent door.
  3996 | D:4      | Paralysed by Grinder for 5 turns
  4164 | D:5      | Noticed a black bear
  4174 | D:5      | Killed a black bear
  4175 | D:5      | Reached skill level 3 in Conjurations
  4175 | D:5      | Gained mutation: You regenerate magic rapidly. [demonic
                  | ancestry]
  4175 | D:5      | Reached XP level 5. HP: 31/35 MP: 1/9
  4456 | D:4      | Reached XP level 6. HP: 21/41 MP: 6/10
  4471 | D:4      | Reached skill level 4 in Conjurations
  5187 | D:4      | Paralysed by Grinder for 2 turns
  5205 | D:4      | Slain by Grinder

Illustrated notes

Levels and vault maps discovered:
D:1:      lemuel_arrival_broad_hall, layout_basic, minmay_pentomino_v2
D:2:      layout_loops_corners
D:3:      layout_loops_ring, nzn_wu_jian_council_hall,
          shapermc_ecumenical_altar_mp_urbaneastern
D:4:      layout_cave_pools, overflow_temple_1_default, serial_shops, shop,
          serial_co_window_serial, co_window_paths_a, co_window_paths_a,
          co_window_paths_a, co_window_corner_a, co_window_paths_b,
          co_window_corner_a, co_window_corner_a, co_window_of_opportunity_b,
          co_window_broadway_a, co_window_2corner, glass_columns_b,
          glass_columns_a, glass_columns_a, glass_columns_c, glass_columns_a,
          uniq_grinder
D:5:      layout_basic, temple_pool_b, hellmonk_ghost_happy_afterlife

Skill      XL: |  1  2  3  4  5  6 |
---------------+-------------------+-----
Transmutations | 1 |  1.0
Stealth        | 2 |  2.0
Dodging        | 2 |  2.1
Conjurations   | 1 3 4 |  4.6
Air Magic      | 2 |  2.8
Spellcasting   | |  2.7
Poison Magic   | |  3.6

Action                     |  1- 3 |  4- 6 || total
---------------------------+-------+-------++-------
  Melee: Unarmed           |     6 |       ||     6
         Mace              |    15 |       ||    15
         Dagger            |    10 |    47 ||    57
         Kick              |     3 |       ||     3
         Punch             |     1 |       ||     1
   Cast: Sting             |    72 |    89 ||   161
         Poisonous Vapours |    14 |    32 ||    46
         Mephitic Cloud    |       |     6 ||     6
    Use: Scroll            |       |     8 ||     8
         Potion            |       |    10 ||    10
   Stab: Confused          |       |     1 ||     1
 Armour: Robe              |    18 |    66 ||    84
  Dodge: Dodged            |    38 |    29 ||    67

Table legend: (Time is in decaauts)
 A = Elapsed time spent in this place.
 B = Non-inter-level travel time spent in this place.
 C = Inter-level travel time spent in this place.
 D = Time resting spent in this place.
 E = Time spent auto-exploring this place.
 F = Levels seen in this place.
 G = Mean time per level.
                   A        B        C        D        E       F      G
               +--------+--------+--------+--------+--------+-----+--------+
         Total |   5174 |   5002 |    172 |    490 |   3598 |   5 | 1034.8 |
       Dungeon |   5174 |   5002 |    172 |    490 |   3598 |   5 | 1034.8 |
               +--------+--------+--------+--------+--------+-----+--------+

Top non-repeatable levels by time:
     D:2: 1415 daAuts
     D:1: 1336 daAuts
     D:4: 1166 daAuts
     D:3: 1139 daAuts
     D:5: 116 daAuts
